 Dungeon Crawl Stone Soup version 0.19.5 (webtiles) character file.

208918 AAAAA the Executioner (level 19, -5/122 HPs)
             Began as a Tengu Gladiator on May 1, 2017.
             Was the Champion of Okawaru.
             Slain by a guardian serpent (8 damage)
             ... on level 4 of the Snake Pit.
             The game lasted 01:32:46 (31991 turns).

AAAAA the Executioner (Tengu Gladiator)            Turns: 31991, Time: 01:32:54

Health: -5/122     AC: 26    Str: 21    XL:     19   Next: 22%
Magic:  0/26       EV: 16    Int: 14    God:    Okawaru [******]
Gold:   491        SH:  0    Dex: 15    Spells: 2 memorised, 14 levels left

rFire  . . .     SeeInvis .     c - +4 executioner's axe (vamp)
rCold  . . .     Gourm    .     E - +0 storm dragon scales {Bai Suzhen}
rNeg   . . .     Faith    .     (shield currently unavailable)
rPois  +         Spirit   +     A - +2 hat {Spirit}
rElec  +         Reflect  .     D - +0 cloak of the Duchess {Regen+ Str-3 Int+6}
rCorr  .         Harm     .     i - +1 pair of gloves
MR     +....                    (boots unavailable)
Stlth  ..........               (no amulet)
                                M - ring of poison resistance
                                X - +2 ring of slaying

@: flying quickly and evasively, very slightly contaminated, slowed, studying
Fighting, very slow
A: beak, talons 3, slimy green scales 1, thin metallic scales 1, able to fly 2
a: Stop Flying, Heroism, Finesse, Renounce Religion


You were on level 4 of the Snake Pit.
You worshipped Okawaru.
Okawaru was exalted by your worship.
You were very hungry.

You visited 7 branches of the dungeon, and saw 30 of its levels.
You visited the Abyss 1 time.

You collected 2931 gold pieces.
You spent 2440 gold pieces at shops.

Inventory:

Hand Weapons
 a - the +2 battleaxe of Supply {flame, *Noise rPois Str+3}
   (You bought it in a shop on level 5 of the Dungeon)

   It has been specially enchanted to burn those struck by it, causing extra
   injury to most foes and up to half again as much damage against particularly
   susceptible opponents.
   Big, fiery blades are also staple armaments of hydra-hunters.
   It affects your strength (+3).
   It protects you from poison.
   It may make noises in combat.
 b - the +1 arbalest of Inquiry {venom, Str+2 Dex-2 SInv}
   (Okawaru gifted it to you on level 15 of the Dungeon)

   It poisons the ammo it fires.
   It affects your strength (+2).
   It affects your dexterity (-2).
   It lets you see invisible.
 c - a +4 vampiric executioner's axe (weapon)
 q - the +10 hand axe of Patience {chop, *Drain +Inv rC+ Dex+5}
   (You found it on level 11 of the Dungeon)

   It inflicts extra damage upon your enemies.
   It affects your dexterity (+5).
   It protects you from cold.
   It lets you turn invisible.
   It causes draining when unequipped.
Missiles
 d - 3 throwing nets (quivered)
 k - 393 bolts
 t - 627 stones
Armour
 i - a +1 pair of gloves (worn)
 A - a +2 hat of spirit shield (worn)
 D - the +0 cloak of the Duchess (worn) {Regen+ Str-3 Int+6}
   (You bought it in a shop on level 7 of the Dungeon)

   It affects your strength (-3).
   It affects your intelligence (+6).
   It increases your rate of regeneration.
 E - +0 storm dragon scales (worn) {Bai Suzhen}
 F - the +1 scale mail of Vehumet's Envy {rC++ rCorr}
   (You bought it in a shop on level 2 of the Orcish Mines)

   It greatly protects you from cold.
   It protects you from acid and corrosion.
 J - a +3 chain mail of poison resistance
 Q - a +2 scale mail of magic resistance
Jewellery
 n - an uncursed ring of protection from cold
 y - an uncursed ring of fire
 z - an uncursed ring of see invisible
 C - an uncursed ring of resist corrosion
 M - a ring of poison resistance (right hand)
 X - a +2 ring of slaying (left hand)
Wands
 p - a wand of flame (20/48)
 R - a wand of teleportation (3/9)
 S - a wand of acid (5/15)
 T - a wand of digging (11/24)
 V - a wand of teleportation (1/9)
Scrolls
 e - 8 scrolls of magic mapping
 h - 2 scrolls of blinking
 l - 7 scrolls of remove curse
 o - 2 scrolls of identify
 s - 4 scrolls of immolation
 v - 4 scrolls of recharging
 w - 2 scrolls of enchant armour
 x - a scroll of fog
 I - a scroll of fear
 K - a scroll of summoning
 P - 2 scrolls of holy word
 Z - a scroll of acquirement
Potions
 m - a potion of agility
 r - 5 potions of lignification
 u - 2 potions of berserk rage
 B - 3 potions of brilliance
 G - 3 potions of ambrosia
 H - a potion of cure mutation
 N - a potion of haste
 O - 5 potions of curing
 W - a potion of heal wounds
 Y - a potion of might
Books
 U - a manual of Fighting
Comestibles
 f - 16 bread rations
 g - 13 fruits
 j - 6 meat rations
 L - 14 royal jellies


   Skills:
 + Level 14.4 Fighting
 * Level 23.1 Axes
 - Level 16.8 Crossbows
 - Level 2.0 Throwing
 - Level 13.2 Armour
 - Level 9.0 Dodging
 - Level 9.0 Invocations


You had 14 spell levels left.
You knew the following spells:

 Your Spells              Type           Power        Failure   Level  Hunger
a - Blink                 Tloc           N/A          99%         2    ###....
b - Repel Missiles        Chrm/Air       #.....       99%         2    ###....


Dungeon Overview and Level Annotations

Branches:
Dungeon (15/15)            Temple (1/1) D:6            Lair (6/6) D:11
  Swamp (1/4) Lair:4        Snake (4/4) Lair:3        Slime (0/5) Lair:6
    Orc (2/2) D:12            Elf (0/3) Orc:2        Vaults (0/5) D:14
 Depths (1/5) D:15

Altars:
Ashenzari
Cheibriados
Dithmenos
Elyvilon
Fedhas
Gozag
Hepliaklqana
Kikubaaqudgha
Makhleb
Nemelex Xobeh
Okawaru
Qazlal
Ru
Sif Muna
Trog
Uskayaw
Vehumet
Xom
Yredelemnul
Zin
The Shining One
Beogh

Shops:
D:5 (   D:6 =   D:7 *   D:15 =   Orc:2 [(*(   Snake:1 ((   Snake:2 }=}
Snake:4 :

Annotations:
D:3 1 runed door
Swamp:1 Nikola


Innate Abilities, Weirdness & Mutations

You have a beak for a mouth.
You have claws for feet.
You can fly continuously.
You are partially covered in slimy green scales. (AC +2)
You are partially covered in thin metallic scales. (AC +2)


Message History

You feel sick.
There is an open door here.
Okay, then.
You feel better. The mana viper completely misses you.
The mana viper bites you.
* * * LOW HITPOINT WARNING * * *
You feel your power leaking away.
The guardian serpent coils itself and waves its upper body at you.
The bolt of poison hits the mana viper.
The bolt of poison misses you.
Things that are here:
a flail; a robe Unknown command.
Unknown command.
You slice the mana viper!!
You kill the mana viper!
Okawaru accepts your kill.
You slice the black mamba!! The black mamba bites you!
* * * LOW HITPOINT WARNING * * *
The black mamba closely misses you. The guardian serpent hits you!
You die...

##### ##.≈§≈§§§§§≈≈.#
##...###..≈§≈≈§§§§§≈§.#
##.....##.≈§≈≈≈≈§§§§≈§.'
#.......#S≈≈≈≈≈≈§§§≈§≈.'
#......((.≈≈≈≈≈≈§§§§§§.'
#..).(..#.§≈§≈≈≈§≈ ###
#####..(.S##..≈≈≈≈≈≈≈
..#####.(.##..(#S##.§≈≈§§§≈ ##
#.......#'#####S@)#..≈≈§≈§≈ #)
#....####()≈≈≈#.()##..≈≈≈§ ##.
#....# #((≈≈≈##.).##..... ##.÷
#.#### ##((≈§≈##.()###... ###...
.....## ##))≈.≈##.(.(######)...#
..##..# ##§§≈§≈##..)(........##
..#...#######..≈≈≈##..........##≈
..#......##.##..§§§###.(....###≈≈
#.#..........##...§≈≈########≈≈≈.


You could see a shock serpent, a guardian serpent and a black mamba.

Vanquished Creatures
  Bai Suzhen (D:15)
  Vashnia (Snake:2)
  2 liches (Abyss:2)
  Frances (Snake:1)
  Kirke (Lair:5)
  7 nagarajas
  A tengu reaver (D:15)
  A frost giant (shapeshifter) (D:15)
  An orc warlord (D:12)
  The ghost of ShornTheSheep the Stickfighter, a journeyman GrBe of Trog (Snake:2)
  A spark wasp (D:15)
  Josephine (Snake:1)
  3 ettins
  2 ogre magi (D:15)
  2 rakshasas
  5 hydras
  8 vault guards (D:14)
  An ice dragon (Depths:1)
  5 centaur warriors
  A catoblepas (Lair:6)
  16 naga warriors
  A death knight (D:15)
  Erica (D:7)
  4 death yaks (Lair:6)
  17 anacondas
  Urug (Lair:6)
  A tengu warrior (D:15)
  2 deep troll shamans
  An orc high priest (Orc:2)
  20 naga sharpshooters
  4 thrashing horrors (Abyss:2)
  A hell knight (D:15)
  Sonja (D:12)
  Nergalle (Orc:1)
  5 shock serpents
  2 wretched stars (Abyss:2)
  2 iron trolls
  3 salamander mystics (Snake:4)
  13 skeletal warriors
  A sea snake (shapeshifter) (D:14)
  7 naga ritualists
  2 unseen horrors
  2 deep trolls
  The ghost of Mercurio the Slicer, a novice HaSk (D:7)
  A wizard (D:14)
  A phantasmal warrior (D:15)
  3 hill giants
  11 mana vipers
  An orc knight (Orc:2)
  A necromancer (D:13)
  6 lindwurms
  An orc sorcerer (Orc:1)
  2 manticores
  6 oklob plants
  6 ugly things
  2 deep elf magi
  6 cyclopes
  23 elephants
  11 salamanders
  8 guardian serpents
  41 black mambas
  The ghost of kalodont the Covert, a novice KoEn of Uskayaw (D:5)
  A molten gargoyle (Lair:2)
  19 naga magi
  A gargoyle (D:14)
  A smoke demon (Abyss:2)
  2 rime drakes
  An orange demon (Abyss:2)
  9 spiny frogs
  7 centaur skeletons
  8 komodo dragons
  4 freezing wraiths
  An ancient zyme (Abyss:2)
  2 tengu conjurers (D:15)
  10 polar bears
  A queen bee (D:12)
  4 trolls
  3 meliai (D:12)
  3 hornets (Lair:6)
  3 two-headed ogres
  13 blink frogs
  7 hippogriffs
  2 meliai zombies (D:13)
  19 slime creatures
  4 flying skulls (D:13)
  A centaur simulacrum (D:15)
  11 wraiths
  2 large abominations (Abyss:2)
  9 redbacks
  A ynoxinul (Abyss:2)
  13 spriggans (Lair:6)
  3 shadows (D:13)
  A wyvern (Lair:4)
  49 yaks
  2 fire elementals (Lair:2)
  14 fire bats (Lair:2)
  A steam dragon (Lair:4)
  2 hogs (Lair:5)
  4 basilisks
  A chaos spawn (Abyss:2)
  5 small abominations (Abyss:2)
  A vampire mosquito (Swamp:1)
  2 mottled dragons
  A soldier ant (D:14)
  Duvessa (D:4)
  4 swamp worms (Swamp:1)
  44 nagas
  7 water moccasins
  6 porcupines
  A swamp drake (Lair:4)
  4 ice beasts
  4 sky beasts
  2 eyes of draining
  45 orc warriors
  19 ogres
  7 boggarts
  9 black bears
  24 wolves
  5 crocodiles
  23 centaurs
  13 bullfrogs
  4 big kobolds
  A gnoll sergeant (D:12)
  A wyvern zombie (D:13)
  A wyvern skeleton (D:12)
  4 scorpions
  A water moccasin skeleton (D:11)
  Dowan (D:5)
  30 killer bees
  4 wights (D:13)
  2 electric eels (Lair:1)
  3 howler monkeys
  5 bullfrog zombies (D:13)
  A lava snake (Lair:2)
  8 crimson imps
  7 centaur zombies
  9 hounds
  A quasit (Abyss:2)
  5 bullfrog skeletons
  7 jellies
  10 orc priests
  6 iguanas
  16 orc wizards
  8 worker ants
  2 hound zombies
  A hound skeleton (D:7)
  A worker ant zombie (D:9)
  15 gnolls
  8 adders
  3 shadow imps
  2 ufetubi (Abyss:2)
  5 oozes (D:10)
  An adder zombie (D:5)
  2 adder skeletons
  3 worms
  A dart slug (D:1)
  7 leopard geckos
  84 orcs
  10 bats
  4 giant cockroaches
  9 hobgoblins
  3 jackals (D:8)
  19 kobolds
  4 quokkas
  6 frilled lizards
  7 goblins
  A leopard gecko zombie (D:5)
  A quokka zombie (D:8)
  11 rats
  6 fungi
  8 plants
1111 creatures vanquished.

Vanquished Creatures (others)
  A nagaraja (Snake:1)
  A human (Lair:5)
  2 bushes (D:15)
  A fire vortex (Lair:2)
  13 fungi
  8 plants (D:11)
26 creatures vanquished.

Grand Total: 1137 creatures vanquished

Notes
Turn   | Place    | Note
-------+----------+-------------------------------------------
     0 | D:1      | AAAAA the Tengu Gladiator began the quest for the Orb.
     0 | D:1      | Reached XP level 1. HP: 12/12 MP: 2/2
   142 | D:1      | Reached XP level 2. HP: 15/17 MP: 3/3
   408 | D:1      | Reached skill level 4 in Axes
  1139 | D:2      | Reached XP level 3. HP: 21/21 MP: 4/4
  1266 | D:2      | Found a hide-covered altar of Uskayaw.
  1266 | D:2      | Noticed a dagger
  1266 | D:2      | Noticed a hand axe
  1987 | D:2      | Found a stormy altar of Qazlal.
  2147 | D:3      | Reached skill level 5 in Axes
  2346 | D:3      | Noticed a bullfrog
  2357 | D:3      | Killed a bullfrog
  2357 | D:3      | Reached XP level 4. HP: 20/27 MP: 5/5
  2357 | D:3      | Gained mutation: You can fly. [Tengu growth]
  2357 | D:3      | Reached XP level 5. HP: 23/31 MP: 6/6
  2803 | D:3      | Found a runed door.
  3010 | D:3      | Reached skill level 6 in Axes
  3994 | D:4      | Found a deep blue altar of Sif Muna.
  3995 | D:4      | Found an ancient bone altar of Kikubaaqudgha.
  3995 | D:4      | Found a radiant altar of Vehumet.
  3997 | D:4      | Identified Kikubaaqudgha's Almanac of Evil Arts
  4324 | D:5      | Entered Level 5 of the Dungeon
  4324 | D:5      | Noticed Duvessa
  4324 | D:5      | Noticed Dowan
  4372 | D:5      | Noticed an ogre
  4442 | D:4      | Killed an ogre
  4442 | D:4      | Reached skill level 7 in Axes
  4442 | D:4      | Reached XP level 6. HP: 24/37 MP: 5/7
  4600 | D:5      | Killed Dowan
  4825 | D:5      | Noticed kalodont's ghost (novice KoEn)
  5504 | D:4      | Reached XP level 7. HP: 29/41 MP: 8/8
  5797 | D:4      | Killed Duvessa
  5797 | D:4      | Reached skill level 8 in Axes
  6141 | D:5      | Killed kalodont's ghost
  6141 | D:5      | Reached skill level 9 in Axes
  6141 | D:5      | Reached XP level 8. HP: 41/48 MP: 9/9
  6400 | D:5      | Found a sparkling altar of Nemelex Xobeh.
  6509 | D:5      | Found Ycug's Antique Weapon Shoppe.
  6591 | D:5      | Reached skill level 10 in Axes
  6606 | D:5      | Found a blossoming altar of Fedhas.
  6723 | D:6      | Found Govujit's Jewellery Shop.
  6742 | D:6      | Found a staircase to the Ecumenical Temple.
  6752 | Temple   | Entered the Ecumenical Temple
  6762 | Temple   | Became a worshipper of Warmaster Okawaru
  6981 | D:6      | Got a translucent hunting sling
  7166 | D:6      | Identified the cursed +0 hunting sling of Foolhardiness {speed, Str+3} (You found it on level 6 of the Dungeon)
  7632 | D:7      | Noticed a hippogriff
  7643 | D:7      | Killed a hippogriff
  7643 | D:7      | Reached skill level 5 in Fighting
  7643 | D:7      | Reached skill level 11 in Axes
  7757 | D:7      | Reached skill level 1 in Armour
  7801 | D:7      | Reached * piety under Okawaru
  7801 | D:7      | Reached XP level 9. HP: 42/54 MP: 10/10
  8045 | D:7      | Noticed Mercurio's ghost (novice HaSk)
  8228 | D:7      | Killed Mercurio's ghost
  8298 | D:7      | Found Ryjafer's Assorted Antiques.
  8309 | D:7      | HP: 2/55 [hound skeleton (2)]
  8940 | D:7      | Reached skill level 5 in Armour
  9354 | D:7      | Bought a fine cloak for 256 gold pieces
  9364 | D:7      | Identified the +0 cloak of the Duchess {Regen+ Str-3 Int+6} (You bought it in a shop on level 7 of the Dungeon)
  9532 | D:8      | Noticed Erica
  9817 | D:7      | Killed Erica
  9817 | D:7      | Reached ** piety under Okawaru
  9817 | D:7      | Reached XP level 10. HP: 31/61 MP: 11/11
 10345 | D:8      | Found a basalt altar of Yredelemnul.
 10631 | D:9      | Reached skill level 12 in Axes
 10659 | D:9      | Found a hazy altar of Hepliaklqana.
 10725 | D:9      | Found a sacrificial altar of Ru.
 10814 | D:9      | Learned a level 2 spell: Blink
 10826 | D:9      | Learned a level 2 spell: Repel Missiles
 11183 | D:10     | Entered Level 10 of the Dungeon
 11206 | D:10     | Reached *** piety under Okawaru
 11261 | D:10     | Noticed a guardian serpent
 11275 | D:10     | Killed a guardian serpent
 11731 | D:10     | Reached **** piety under Okawaru
 11968 | D:10     | Reached skill level 5 in Dodging
 12115 | D:10     | Reached XP level 11. HP: 57/68 MP: 8/12
 12179 | D:11     | Found a staircase to the Lair.
 12251 | D:11     | Reached skill level 1 in Invocations
 12381 | D:5      | Bought a fine battleaxe for 299 gold pieces
 12381 | D:5      | Identified the cursed +2 battleaxe of Supply {flame, *Noise rPois Str+3} (You bought it in a shop on level 5 of the Dungeon)
 12545 | D:11     | Reached ***** piety under Okawaru
 12645 | D:11     | Gained mutation: You are robust. (+10% HP) [potion of beneficial mutation]
 12749 | D:11     | Got a fine hand axe
 12753 | D:11     | Identified the +10 hand axe of Patience {chop, *Drain +Inv rC+ Dex+5} (You found it on level 11 of the Dungeon)
 12855 | D:11     | Reached skill level 10 in Armour
 12925 | D:11     | Found a roughly hewn altar of Beogh.
 13191 | D:11     | Killed an unseen horror
 13298 | D:12     | Noticed Sonja
 13309 | D:12     | Killed Sonja
 13311 | D:12     | Noticed a cyclops
 13323 | D:12     | Killed a cyclops
 13496 | D:12     | Received a gift from Okawaru
 13496 | D:12     | Reached skill level 13 in Axes
 13516 | D:12     | Noticed a hill giant
 13527 | D:12     | Killed a hill giant
 13527 | D:12     | Reached XP level 12. HP: 82/82 MP: 11/15
 13809 | D:12     | Reached ****** piety under Okawaru
 13952 | D:12     | Found a staircase to the Orcish Mines.
 14181 | Lair:1   | Entered Level 1 of the Lair of Beasts
 14205 | Lair:1   | Received a gift from Okawaru
 15076 | Lair:1   | Reached XP level 13. HP: 74/90 MP: 12/17
 15626 | Lair:2   | Reached skill level 5 in Invocations
 15679 | Lair:2   | Reached skill level 10 in Fighting
 15996 | Lair:2   | Reached skill level 14 in Axes
 16002 | Lair:2   | Received a gift from Okawaru
 16677 | Lair:3   | Found a staircase to the Snake Pit.
 16734 | Lair:3   | Received a gift from Okawaru
 16735 | Lair:3   | Got a pitted broad axe {god gift}
 16753 | Lair:3   | Identified the +6 broad axe of Wuschan {chop, *Corrode rPois rC+} (Okawaru gifted it to you on level 3 of the Lair of Beasts)
 17708 | Lair:4   | Found a staircase to the Swamp.
 18258 | Lair:4   | Gained mutation: You can fly continuously. [Tengu growth]
 18258 | Lair:4   | Reached XP level 14. HP: 85/96 MP: 17/21
 18542 | Lair:5   | Noticed Kirke
 18556 | Lair:5   | Killed Kirke
 18556 | Lair:5   | Received a gift from Okawaru
 18732 | Lair:5   | Reached skill level 15 in Axes
 19168 | Lair:6   | Entered Level 6 of the Lair of Beasts
 19184 | Lair:6   | Found a staircase to the Slime Pits.
 19259 | Lair:6   | Received a gift from Okawaru
 19524 | Lair:6   | Reached skill level 16 in Axes
 19620 | Lair:6   | Noticed Urug
 19630 | Lair:6   | Killed Urug
 19964 | Lair:6   | Received a gift from Okawaru
 19981 | Lair:6   | Reached skill level 17 in Axes
 20479 | Lair:6   | Reached XP level 15. HP: 90/102 MP: 18/22
 20700 | Orc:1    | Entered Level 1 of the Orcish Mines
 20727 | Orc:1    | Noticed an orc warlord
 20872 | D:12     | Killed an orc warlord
 20937 | Orc:1    | Noticed Nergalle
 20952 | Orc:1    | Killed Nergalle
 21225 | Orc:2    | Entered Level 2 of the Orcish Mines
 21453 | Orc:2    | Reached skill level 18 in Axes
 21685 | Orc:2    | Found Keutan's General Store.
 21685 | Orc:2    | Found Yti Nuo's Antique Weapon Emporium.
 21685 | Orc:2    | Found Estrevom's Antique Armour Shoppe.
 21688 | Orc:2    | Found Neamuq's Antique Weapon Boutique.
 21933 | Orc:2    | Found a staircase to the Elven Halls.
 22622 | Orc:2    | Gained mutation: You are clumsy. (Dex -2) [a neqoxec]
 22624 | Orc:2    | Gained mutation: Your spells are a little easier to cast, but a little less powerful. [a neqoxec]
 22646 | Orc:2    | Bought a scorched scale mail for 216 gold pieces
 22657 | Orc:2    | Identified the cursed +1 scale mail of Vehumet's Envy {rC++ rCorr} (You bought it in a shop on level 2 of the Orcish Mines)
 22844 | D:7      | Bought a paperback manual for 405 gold pieces
 23035 | Swamp:1  | Entered Level 1 of the Swamp
 23381 | Swamp:1  | Noticed Nikola
 23650 | D:13     | Received a gift from Okawaru
 24073 | D:13     | Reached skill level 19 in Axes
 24579 | D:14     | Found a glowing golden altar of the Shining One.
 24755 | D:14     | Found a gate to the Vaults.
 24786 | D:14     | Reached skill level 5 in Crossbows
 24817 | D:14     | Received a gift from Okawaru
 24939 | D:14     | Cast into level 2 of the Abyss (a wizard)
 24992 | Abyss:2  | Reached XP level 16. HP: 99/107 MP: 18/23
 25042 | Abyss:2  | Noticed a lich
 25047 | Abyss:2  | Killed a lich
 25054 | Abyss:2  | Noticed a lich
 25061 | Abyss:2  | Killed a lich
 25061 | Abyss:2  | Reached skill level 10 in Crossbows
 25316 | Abyss:2  | Noticed a bone dragon
 25502 | D:14     | Escaped the Abyss
 25532 | D:14     | Received a gift from Okawaru
 25700 | D:14     | Gained mutation: You are partially covered in thin metallic scales. (AC +2) [mutagenic meat]
 25701 | D:14     | Gained mutation: You are partially covered in slimy green scales. (AC +2) [mutagenic meat]
 25715 | D:14     | Gained mutation: You are occasionally teleported next to monsters. [mutagenic meat]
 25716 | D:14     | Gained mutation: Scrolls take you a little longer to read. [mutagenic meat]
 25916 | D:14     | Lost mutation: Scrolls take you a little longer to read. [potion of cure mutation]
 25916 | D:14     | Lost mutation: You are clumsy. (Dex -2) [potion of cure mutation]
 25916 | D:14     | Lost mutation: Your spells are a little easier to cast, but a little less powerful. [potion of cure mutation]
 26088 | D:15     | Entered Level 15 of the Dungeon
 26199 | D:15     | Found Ycvatoh's Jewellery Emporium.
 26206 | D:15     | Lost mutation: You are robust. (+10% HP) [potion of cure mutation]
 26206 | D:15     | Lost mutation: You are occasionally teleported next to monsters. [potion of cure mutation]
 26246 | D:15     | Identified a scroll of acquirement
 26323 | D:15     | Received a gift from Okawaru
 26568 | D:15     | Received a gift from Okawaru
 26568 | D:15     | Reached skill level 20 in Axes
 26571 | D:15     | Got a warped arbalest {god gift}
 26572 | D:15     | Identified the +1 arbalest of Inquiry {venom, Str+2 Dex-2 SInv} (Okawaru gifted it to you on level 15 of the Dungeon)
 26705 | D:15     | Reached skill level 15 in Crossbows
 26801 | D:15     | Noticed an iron giant
 26844 | D:15     | an iron giant changed into a frost giant
 27011 | D:15     | Found a staircase to the Depths.
 27192 | Depths:1 | Entered Level 1 of the Depths
 27192 | Depths:1 | Noticed Bai Suzhen
 27212 | D:15     | Killed Bai Suzhen
 27212 | D:15     | Received a gift from Okawaru
 27212 | D:15     | Reached XP level 17. HP: 103/103 MP: 16/24
 27877 | Snake:1  | Entered Level 1 of the Snake Pit
 27891 | Snake:1  | Received a gift from Okawaru
 27911 | Snake:1  | Found a snail-covered altar of Cheibriados.
 27942 | Snake:1  | Found Izasav's Weapon Boutique.
 27942 | Snake:1  | Found Dyolub's Weapon Shop.
 27956 | Snake:1  | Bought 14 bolts for 50 gold pieces
 28117 | Snake:1  | Noticed Josephine
 28124 | Snake:1  | Killed Josephine
 28140 | Snake:1  | Received a gift from Okawaru
 28472 | Snake:1  | Noticed Frances
 28492 | Snake:1  | Killed Frances
 28864 | Snake:2  | Noticed ShornTheSheep's ghost (journeyman GrBe)
 28892 | Snake:2  | Killed ShornTheSheep's ghost
 29183 | Snake:2  | Found Qyesmib's Gadget Shoppe.
 29184 | Snake:2  | Found Xuyfyll's Jewellery Boutique.
 29185 | Snake:2  | Found Yrithu's Gadget Shoppe.
 29205 | Snake:2  | Noticed Vashnia
 29304 | Snake:2  | Received a gift from Okawaru
 29305 | Snake:2  | Reached skill level 21 in Axes
 29352 | Snake:2  | Killed Vashnia
 29352 | Snake:2  | Received a gift from Okawaru
 29352 | Snake:2  | Reached XP level 18. HP: 81/112 MP: 7/25
 29471 | Snake:2  | Found a shadowy altar of Dithmenos.
 29749 | Snake:2  | Received a gift from Okawaru
 30148 | Snake:3  | Received a gift from Okawaru
 30891 | Snake:4  | Entered Level 4 of the Snake Pit
 30903 | Snake:4  | Reached skill level 22 in Axes
 31152 | Snake:4  | Found Nuocisodgh's Book Shop.
 31179 | Snake:4  | Bought a manual of Fighting for 1214 gold pieces
 31803 | Snake:4  | Received a gift from Okawaru
 31810 | Snake:4  | Reached XP level 19. HP: 107/120 MP: 6/26
 31956 | Snake:4  | Received a gift from Okawaru
 31971 | Snake:4  | Reached skill level 23 in Axes
 31983 | Snake:4  | HP: 5/122 [shock serpent (3)]
 31991 | Snake:4  | HP: 3/122 [black mamba (7)]
 31991 | Snake:4  | Slain by a guardian serpent

Skill      XL: |  1  2  3  4  5  6  7  8  9 10 11 12 13 14 15 16 17 18 19 |
---------------+----------------------------------------------------------+-----
Axes           | 4 5 7 9 11 12 13 14 17 19 20 21 22 23 | 23.1
Fighting       | 3 4 5 6 7 8 9 10 11 13 14 | 14.4
Armour         | 1 6 9 10 12 13 | 13.2
Dodging        | 5 6 8 9 |  9.0
Invocations    | 3 4 8 9 |  9.0
Crossbows      | 7 15 16 | 16.8
Throwing       | |  2.0

Action                   |  1- 3 |  4- 6 |  7- 9 | 10-12 | 13-15 | 16-18 | 19-21 || total
-------------------------+-------+-------+-------+-------+-------+-------+-------++-------
Melee: War axe           |   103 |   112 |   239 |   380 |       |       |       ||   834
       Kick              |    25 |    34 |    67 |   269 |   415 |   462 |    21 ||  1293
       Peck              |    19 |    14 |    45 |   167 |   277 |   304 |     8 ||   834
       Hand axe          |       |       |       |   349 |   136 |       |       ||   485
       Battleaxe         |       |       |       |    32 |   819 |   383 |       ||  1234
       Broad axe         |       |       |       |       |    11 |       |       ||    11
       Executioner's axe |       |       |       |       |   222 |   830 |    59 ||  1111
       Unarmed           |       |       |       |       |     2 |       |       ||     2
 Fire: Hunting sling     |    13 |    40 |    66 |       |       |       |       ||   119
Throw: Stone             |       |     1 |     1 |       |       |       |       ||     2
       Throwing net      |       |     1 |       |       |       |     2 |       ||     3
Invok: Heroism           |       |       |     1 |     6 |    20 |    25 |     1 ||    53
       Finesse           |       |       |       |       |     1 |     4 |     1 ||     6
 Abil: Fly               |       |     6 |     9 |    11 |     9 |       |       ||    35
       Evoke Invisibilit |       |       |       |     1 |       |       |       ||     1
       Stop Flying       |       |       |       |       |     1 |       |       ||     1
Evoke: Wand              |       |       |       |     1 |       |     1 |       ||     2
  Use: Scroll            |     5 |     5 |     7 |     9 |    10 |    14 |     1 ||    51
       Potion            |       |       |     4 |     1 |     1 |     3 |     1 ||    10
 Stab: Sleeping          |     1 |       |       |       |       |       |       ||     1
       Invisible         |       |       |       |     2 |       |       |       ||     2
       Confused          |       |       |       |       |     1 |       |       ||     1
       Distracted        |       |       |       |       |       |     1 |       ||     1
       Held in net/web   |       |       |       |       |       |     1 |       ||     1
  Eat: Chunk             |     5 |     9 |     9 |    20 |    25 |    13 |       ||    81
       Fruit             |       |       |     2 |       |       |       |       ||     2
       Meat ration       |       |       |     1 |       |       |     1 |       ||     2
       Beef jerky        |       |       |       |       |     2 |       |       ||     2
       Royal jelly       |       |       |       |       |     6 |     7 |       ||    13
       Pizza             |       |       |       |       |     1 |     2 |       ||     3
Armor: Leather armour    |    10 |       |       |       |       |       |       ||    10
       Scale mail        |    24 |    68 |     4 |       |   185 |   132 |       ||   413
       Plate armour      |       |       |   120 |   432 |   288 |       |       ||   840
       Storm dragon scal |       |       |       |       |       |   543 |    92 ||   635
Dodge: Dodged            |    60 |    71 |    51 |   325 |   901 |   995 |   123 ||  2526
